 Dungeon Crawl Stone Soup version 0.31-a0-879-g1609e0ac53 (webtiles) character file.

Game seed: 17039867476083673298

8343 Spaninq the Mimic (level 11, -3/113 HPs)
             Began as a Troll Shapeshifter on Oct 14, 2023.
             Was a High Priest of Uskayaw.
             Killed from afar by a steam dragon (15 damage)
             ... with a ball of steam
             ... on level 9 of the Dungeon.
             The game lasted 00:22:35 (6891 turns).

Spaninq the Mimic (Troll Shapeshifter)              Turns: 6891, Time: 00:22:35

Health: -3/113     AC:  9    Str: 26    XL:     11   Next: 8%
Magic:  0/11       EV: 10    Int:  6    God:    Uskayaw [*****.]
Gold:   388        SH:  0    Dex: 11    Spells: 11/12 levels left

rFire   . .          .
                       - Unarmed
rCold   . . .        (shield currently unavailable)
rNeg    . . .        a - +1 animal skin
rPois   +            s - +1 hat
rElec   .            v - +2 cloak {rPois}
rCorr   .            (gloves unavailable)
SInv    .            (boots unavailable)
Will    .....        l - amulet of guardian spirit
Stlth   +            (no ring)
HPRegen 1.18/turn    (no ring)
MPRegen 0.12/turn

%: guardian spirit
@: flux-form, glowing, studying Fighting
A: glow, contaminating, large, unfitting armour, claws 3, regeneration 1, shaggy
fur 1, tough skin 1
a: Begin Untransformation, Renounce Religion, Stomp, Line Pass, Grand Finale


You were on level 9 of the Dungeon.
You worshipped Uskayaw.
Uskayaw was noncommittal.
You were something dangerously unstable.
You visited 2 branches of the dungeon, and saw 10 of its levels.
You also visited: Sewer.

You collected 388 gold pieces.

Inventory:

Hand Weapons
 g - a +2 whip of freezing
Missiles
 u - a throwing net
Armour
 a - a +1 animal skin (worn)
 s - a +1 hat (worn)
 v - a +2 cloak of poison resistance (worn)
 x - a +0 kite shield
Jewellery
 l - an amulet of guardian spirit (around neck)
 p - an amulet of the acrobat
Talismans
 c - a beast talisman
 d - a flux talisman (active)
Wands
 r - a wand of digging (11)
Scrolls
 e - a scroll of blinking
 h - 5 scrolls of teleportation
 k - 2 scrolls of identify
 q - 4 scrolls of poison
Potions
 b - 3 potions of lignification
 f - 4 potions of curing
 i - a potion of magic
 j - 3 potions of mutation
 m - a potion of haste
 n - a potion of brilliance
 o - 5 potions of berserk rage
 t - a potion of resistance


   Skills:
 + Level 8.7 Fighting
 + Level 2.4 Armour
 - Level 2.0 Dodging
 + Level 2.5 Shields
 + Level 8.9 Unarmed Combat
 - Level 1.0 Spellcasting
 + Level 0.6 Invocations
 * Level 11.1 Shapeshifting


You had 11 spell levels left.
You knew the following spells:

 Your Spells              Type           Power      Damage    Failure   Level
a - Apportation           Tloc           0%         N/A       41%         1

Your spell library contained the following spells:

 Spells                   Type           Power      Damage    Failure   Level
 Sting                    Tmut/Pois      0%         1d3       41%         1
 Cigotuvi's Dreadful Rot  Necr/Pois/Air  0%         N/A       56%         2
 Ensorcelled Hibernation  Hex/Ice        0%         N/A       56%         2
 Jinxbite                 Hex            0%         N/A       56%         2
 Passwall                 Tmut/Erth      0%         N/A       56%         2
 Sublimation of Blood     Necr           0%         N/A       56%         2
 Wereblood                Tmut           0%         N/A       56%         2
 Swiftness                Air            0%         N/A       80%         3
 Alistair's Intoxication  Tmut/Pois      0%         N/A       100%        5
 Summon Hydra             Summ           0%         N/A       100%        7


Dungeon Overview and Level Annotations

Branches:
Dungeon (9/15)             Temple (1/1) D:4             Orc (0/2) D:9
  Sewer (visited)
   Lair: D:8-11

Altars:
Ashenzari
Cheibriados
Dithmenos
Elyvilon
Fedhas
Gozag
Hepliaklqana
Kikubaaqudgha
Makhleb
Nemelex Xobeh
Okawaru
Qazlal
Ru
Sif Muna
Trog
Uskayaw
Vehumet
Wu Jian
Xom
Yredelemnul
Zin
The Shining One

Shops:
D:6 :   D:8 ?   D:9 *

Annotations:
Temple 2 transporters


Innate Abilities, Weirdness & Mutations

You are something dangerously unstable.
You glow with magical radiation, making you easy to see and hit.
Foes you strike become dangerously contaminated with magical radiation.
You are incapable of wielding weapons or throwing items.
You are too large for most types of armour.
You have claws for hands.
Your natural rate of healing is unusually fast.
You are covered in fur. (AC +1)
You have tough skin. (AC +1)


Message History

You kill the orc!
You kill the water moccasin!
The yak snorts and paws the ground.
You have reached level 11!
You scratch the yak.
The yak begins to glow.
The yak is heavily wounded.
The yak is no longer sharing its pain.
The steam dragon is no longer sharing its pain.
The orc is no longer sharing its pain.
The yak gores you!
You claw the yak!
The yak glows dangerously bright.
The yak is almost dead.
The yak closely misses you.
You claw the yak!
You kill the yak!
The steam dragon breathes steam at you. The ball of steam misses you.
The two-headed ogre is engulfed in a cloud of scalding steam.
The two-headed ogre hits you with a +0 giant club!
The two-headed ogre hits you with a +0 giant spiked club!!
* * * LOW HITPOINT WARNING * * *
You scratch the two-headed ogre.
The two-headed ogre begins to glow.
The two-headed ogre is moderately wounded.
The orc is engulfed in a cloud of scalding steam.
The orc dies!
You claw the two-headed ogre!
The two-headed ogre glows dangerously bright.
The two-headed ogre is moderately wounded.
The two-headed ogre hits you with a +0 giant club.
* * * LOW HITPOINT WARNING * * *
The two-headed ogre hits you with a +0 giant spiked club!
* * * LOW HITPOINT WARNING * * *
You can now merge with and destroy a victim.
Okay, then.
You claw the two-headed ogre!
The two-headed ogre shudders as magic cascades through it!!!
You kill the two-headed ogre!
You are engulfed in a cloud of scalding steam.
* * * LOW HITPOINT WARNING * * *
The steam dragon breathes steam at you. The ball of steam hits you!
You die...

# #.....# #.O# #.. # #.....# #..#
#.. # ##.....# #..# ##+###.. #
#......# ###'###.......
########......# #.).).######..
..............# ###)8.8.#....'..
..............# ##.D.._..'....#..
####..........###§§#§8.8.#....#..
#............p..#.....######..
#.....))........###'###.......
#....).......##+###.##.#######
#......).....#.......# #......
####............#.......# #......
................#.......# #......
................#.......# #......
.<..............######### #......
........................####'####


You could see a steam dragon (catching breath).

Vanquished Creatures
  3 two-headed ogres (D:9)
  Pikel (D:7)
  2 komodo dragons (D:9)
  A troll (D:8)
  7 yaks (D:9)
  A spriggan (D:9)
  A ynoxinul (D:8)
  3 shadows (D:9)
  A steam dragon (D:7)
  A two-headed ogre zombie (D:9)
  Duvessa (D:4)
  2 orc warriors
  6 water moccasins
  A black bear (D:7)
  2 centaurs
  An ogre (D:6)
  3 lemures (D:7)
  2 phantoms (D:6)
  3 kobold brigands
  2 gnoll sergeants
  3 bullfrogs
  5 scorpions
  4 wights (D:8)
  Dowan (D:4)
  A troll zombie (D:9)
  2 gnoll boudas (D:9)
  2 hounds
  5 orc priests
  A jelly (D:6)
  2 sleepcaps
  3 iguanas
  3 orc wizards
  6 ogre zombies (D:9)
  16 gnolls
  A river rat (D:6)
  9 adders
  A shadow imp (D:6)
  3 white imps
  4 ufetubi (D:5)
  A worm (D:3)
  2 dart slugs
  18 orcs
  12 bats
  A bat zombie (D:8)
  8 endoplasms
  4 giant cockroaches
  7 goblins
  4 hobgoblins
  4 jackals (D:3)
  24 kobolds
  A quokka (D:1)
  5 ball pythons
  6 frilled lizards
  A goblin skeleton (D:9)
  5 goblin zombies (D:9)
  2 hobgoblin skeletons (D:9)
  4 hobgoblin zombies (D:9)
  4 orc skeletons (D:9)
  9 orc zombies (D:9)
  3 rats
  6 rat zombies (D:8)
247 creatures vanquished.

Vanquished Creatures (others)
  An orc (D:9)
1 creature vanquished.

Grand Total: 248 creatures vanquished

Notes
Turn   | Place    | Note
-------+----------+-------------------------------------------
     0 | D:1      | Spaninq the Troll Shapeshifter began the quest for the Orb.
     0 | D:1      | Reached XP level 1. HP: 18/18 MP: 0/0
    76 | D:1      | Reached skill level 1 in Fighting
   141 | D:1      | Reached XP level 2. HP: 27/27 MP: 1/1
   177 | D:1      | Found a faded altar of an unknown god.
   428 | D:1      | Reached XP level 3. HP: 33/33 MP: 2/2
   657 | D:1      | Learned a level 1 spell: Apportation
  1289 | D:2      | Found a shimmering altar of Xom.
  1695 | D:3      | Reached XP level 4. HP: 20/41 MP: 3/3
  1701 | D:3      | Reached skill level 4 in Shapeshifting
  1889 | D:3      | Found a glowing silver altar of Zin.
  2401 | D:4      | Reached XP level 5. HP: 39/49 MP: 4/4
  2411 | D:4      | Noticed Duvessa
  2414 | D:4      | Noticed Dowan
  2422 | D:4      | Killed Duvessa
  2458 | D:4      | Killed Dowan
  2459 | D:4      | Reached skill level 1 in Spellcasting
  2459 | D:4      | Reached XP level 6. HP: 58/58 MP: 6/6
  2550 | D:4      | Found a staircase to the Ecumenical Temple.
  2558 | Temple   | Found a transporter.
  2558 | Temple   | Found a transporter.
  2558 | Temple   | Found a transporter.
  2558 | Temple   | Found a transporter.
  2558 | Temple   | Entered the Ecumenical Temple
  2572 | Temple   | Became a worshipper of Uskayaw the Reveller
  2599 | D:4      | Reached * piety under Uskayaw
  2607 | D:4      | Reached skill level 5 in Shapeshifting
  2820 | D:4      | Reached ** piety under Uskayaw
  3017 | D:5      | Entered Level 5 of the Dungeon
  3019 | D:5      | Noticed a water moccasin
  3027 | D:5      | Killed a water moccasin
  3027 | D:5      | Reached *** piety under Uskayaw
  3028 | D:5      | Reached XP level 7. HP: 57/67 MP: 7/7
  3029 | D:5      | Reached **** piety under Uskayaw
  3170 | D:5      | Reached skill level 5 in Unarmed Combat
  3170 | D:5      | Reached skill level 6 in Shapeshifting
  3481 | D:6      | Reached XP level 8. HP: 69/78 MP: 6/8
  3529 | D:6      | Found a glowing drain.
  3533 | Sewer    | Entered a sewer
  3631 | D:6      | Reached skill level 7 in Shapeshifting
  3647 | D:6      | Found Mask's Book Shoppe.
  4166 | D:6      | Found a stormy altar of Qazlal.
  4323 | D:7      | Identified a scroll of acquirement
  4323 | D:7      | Acquired a manual of Fighting
  4515 | D:7      | Noticed Pikel
  4521 | D:7      | Reached ***** piety under Uskayaw
  4523 | D:7      | Killed Pikel
  4524 | D:7      | Reached skill level 5 in Fighting
  4524 | D:7      | Reached skill level 8 in Shapeshifting
  4524 | D:7      | Reached XP level 9. HP: 72/88 MP: 6/9
  4529 | D:7      | Reached ****** piety under Uskayaw
  4943 | D:8      | Found a shadowy altar of Dithmenos.
  4943 | D:8      | Found a radiant altar of Vehumet.
  4945 | D:8      | Found a white marble altar of Elyvilon.
  4955 | D:8      | Found a snail-covered altar of Cheibriados.
  5218 | D:8      | Found a glowing golden altar of the Shining One.
  5288 | D:8      | Found The Oracle's Delphic Readings.
  5480 | D:8      | Found a shimmering blue altar of Sif Muna.
  5492 | D:8      | Reached skill level 9 in Shapeshifting
  5504 | D:8      | Noticed a troll
  5509 | D:8      | Killed a troll
  5514 | D:8      | Found a bloodstained altar of Trog.
  5601 | D:8      | Got a sooty book
  5702 | D:8      | Found an ancient bone altar of Kikubaaqudgha.
  6020 | D:9      | Found a staircase to the Orcish Mines.
  6063 | D:9      | Reached XP level 10. HP: 58/102 MP: 4/10
  6175 | D:9      | Reached skill level 10 in Shapeshifting
  6435 | D:9      | Found a burning altar of Makhleb.
  6501 | D:9      | Found Moonua's Assorted Antiques.
  6610 | D:9      | Noticed a two-headed ogre
  6610 | D:9      | Noticed a two-headed ogre
  6623 | D:9      | Killed a two-headed ogre
  6624 | D:9      | Reached skill level 1 in Armour
  6624 | D:9      | Reached skill level 1 in Shields
  6629 | D:9      | Killed a two-headed ogre
  6633 | D:9      | Found the +8 pair of quick blades "Gyre" and "Gimble"
                  | {protect}
  6837 | D:9      | Noticed a two-headed ogre
  6878 | D:9      | Reached skill level 11 in Shapeshifting
  6883 | D:9      | Reached XP level 11. HP: 62/113 MP: 3/11
  6889 | D:9      | Killed a two-headed ogre
  6891 | D:9      | Killed from afar by a steam dragon

Illustrated notes

Levels and vault maps discovered:
D:1:      evilmike_arrival_fibonacci_small, layout_loops_ring,
          ebering_ecumenical_altar_webs, st_stairs_5, minmay_misc_feat_hallway,
          kennysheep_doodads, minmay_misc_feat_four_crosses
D:2:      layout_loops_corners, basic_altar
D:3:      layout_basic, zin_academy
D:4:      layout_rooms, minmay_temple_entry_proselytizer,
          lexackson_kobold_supper, uniq_duvessa
D:5:      layout_gridville
D:6:      layout_basic, lemuel_doored_altar, serial_shops, shop_fountains,
          gup_sewer_entry_bowl, minmay_hedge_maze, hangedman_decor_opposing,
          grunt_ministairs_15
D:7:      layout_basic, uniq_pikel
D:8:      layout_basic, nzn_overflow_gifts_of_might_and_magic,
          lemuel_zombie_altar_kikubaaqudgha,
          nicolae_overflow_macrodata_refinement, mainiacjoe_overflow_catwalk,
          nicolae_nh_oracle_at_delphi
D:9:      layout_irregular_city, kennysheep_little_box,
          due_lair_maze_entry_diamond, zombieorc2_lemuel, serial_shops,
          nicolae_shop_real_fake_doors, hellmonk_guarded_unrand_gyre_and_gimble
Temple:   hellmonk_temple_divided_pantheon

Skill      XL: |  1  2  3  4  5  6  7  8  9 10 |
---------------+-------------------------------+-----
Fighting       | 1 2 3 5 7 8 |  8.7
Shapeshifting  | 4 5 6 8 9 11 | 11.1
Unarmed Combat | 4 5 6 7 8 |  8.9
Spellcasting   | 1 |  1.0
Armour         | 2 |  2.4
Dodging        | 2 |  2.0
Shields        | 2 |  2.5
Invocations    | |  0.6

Action                     |  1- 3 |  4- 6 |  7- 9 | 10-12 || total
---------------------------+-------+-------+-------+-------++-------
  Melee: Unarmed           |    84 |   114 |   272 |   220 ||   690
         Punch             |       |     3 |     6 |       ||     9
 Invoke: Stomp             |       |       |     1 |     1 ||     2
         Line Pass         |       |       |     1 |       ||     1
    Use: Scroll            |       |       |    19 |       ||    19
   Stab: Sleeping          |     1 |       |       |       ||     1
         Paralysed         |       |       |     9 |    14 ||    23
 Armour: Animal skin       |    56 |    83 |   220 |   197 ||   556
  Dodge: Dodged            |    47 |    42 |   161 |   104 ||   354
   Form: Flux              |       |       |     1 |       ||     1

Table legend: (Time is in decaauts)
 A = Elapsed time spent in this place.
 B = Non-inter-level travel time spent in this place.
 C = Inter-level travel time spent in this place.
 D = Time resting spent in this place.
 E = Time spent auto-exploring this place.
 F = Levels seen in this place.
 G = Mean time per level.
                   A        B        C        D        E       F      G
               +--------+--------+--------+--------+--------+-----+--------+
         Total |   6814 |   6553 |    261 |     49 |   4837 |  11 |  619.5 |
       Dungeon |   6702 |   6441 |    261 |     49 |   4822 |   9 |  744.7 |
        Temple |     30 |     30 |      0 |      0 |      0 |   1 |   30.0 |
         Sewer |     81 |     81 |      0 |      0 |     15 |   1 |   81.0 |
               +--------+--------+--------+--------+--------+-----+--------+

Top non-repeatable levels by time:
     D:8: 1059 daAuts
     D:2: 880 daAuts
     D:9: 842 daAuts
     D:1: 828 daAuts
     D:6: 812 daAuts
     D:3: 695 daAuts
     D:7: 611 daAuts
     D:4: 569 daAuts
     D:5: 402 daAuts
   Sewer: 81 daAuts
  Temple: 30 daAuts
